[Event "Titled Tuesday Blitz March 28 Early 2023"]
[White "ArchibaldCerveza29"]
[Black "Jiganchine, Roman"]
[BlackFideId "2603667"]
[WhiteElo "2480"]
[BlackElo "2339"]
[Result "1-0"]
[Round "09"]
[TimeControl "180+2"]
[Date "2023.03.28"]
[WhiteClock "0:00:12"]
[BlackClock "0:00:05"]

1. e4 c6 2. d4 d5 3. exd5 cxd5 4. c4 Nf6 5. Nc3 Nc6 6. Nf3 Bg4 7. cxd5 Nxd5 8. Qb3 Bxf3 9. gxf3 e6 10. Qxb7 Nxd4 11. Bb5+ Nxb5 12. Qc6+ Ke7 13. Qc5+ Ke8 14. Qxb5+ Qd7 15. Nxd5 exd5 16. Qd3 Bb4+ 17. Bd2 Bxd2+ 18. Kxd2 h5 19. Qd4 Kf8 20. Rhg1 f6 21. Rac1 Kf7 22. Rc5 Rhd8 23. Qf4 Rac8 24. Rgc1 Rxc5 25. Rxc5 Rc8 26. b4 Qb7 27. Qd4 Rd8 28. Qc3 Rd7 29. Rc8 d4 30. Qc5 Qd5 31. Qxd5+ Rxd5 32. Rc7+ Kg6 33. Rxa7 Rf5 34. Ke2 Re5+ 35. Kd3 Rf5 36. Ke4 d3 37. Rd7 1-0


[Site "https://www.chess.com"]

[Event "Titled Tuesday Blitz March 28 Early 2023"]
[White "Tanmay Jain"]
[Black "Wilson, Elvin"]
[WhiteFideId "45015481"]
[BlackFideId "2014874"]
[WhiteElo "2032"]
[BlackElo "2294"]
[Result "0-1"]
[Round "09"]
[TimeControl "180+2"]
[Date "2023.03.28"]
[WhiteClock "0:00:11"]
[BlackClock "0:00:18"]

1. e4 e6 2. d4 d5 3. exd5 exd5 4. Nf3 Nf6 5. g3 c5 6. Bg2 c4 7. O-O Be7 8. h3 O-O 9. Re1 Nc6 10. Ne5 Be6 11. c3 Rc8 12. Qa4 a6 13. Bf4 Nd7 14. Nxd7 Qxd7 15. b3 cxb3 16. axb3 Bxh3 17. Bxh3 Qxh3 18. Nd2 Bf6 19. Re3 Nd8 20. Nf3 Ne6 21. Be5 Bg5 22. Nxg5 Nxg5 23. Rae1 Qf5 24. Kg2 Ne4 25. Rf3 Qg6 26. Qd7 Qc6 27. Qg4 f6 28. c4 fxe5 29. Rxf8+ Rxf8 30. cxd5 Nf6 31. dxc6 Nxg4 32. cxb7 Rb8 33. f3 Nf6 34. dxe5 Ne8 35. Ra1 Nc7 36. e6 Rxb7 37. e7 Kf7 38. f4 Kxe7 39. Ra3 h5 40. Kf3 g6 41. Ke4 Ke6 42. Kd4 Rb4+ 43. Ke3 Kd6 44. Kd3 Kc6 45. Kc3 Nd5+ 46. Kd3 Kb5 47. Kd2 Nf6 48. Ke3 Ne4 49. Kf3 Nd2+ 50. Kg2 Nxb3 51. Ra2 a5 52. Kh3 a4 53. Kh4 Nd4 54. Kg5 Kc4 55. Kxg6 Kb3 56. Rf2 a3 57. f5 Nxf5 58. Kxf5 Rg4 59. Rf3+ Kb2 60. Rf2+ Kb1 61. Rf1+ Kc2 62. Rf2+ Kb3 63. Rf3+ Ka4 64. Rf2 Rxg3 65. Kf4 h4 66. Rh2 Rb3 67. Rxh4 a2 68. Rh7 Ka3 0-1


[Site "https://www.chess.com"]

[Event "Titled Tuesday Blitz March 28 Early 2023"]
[White "Levitan, Caleb Levi"]
[Black "Kubatko, Ivan"]
[WhiteFideId "14332620"]
[BlackFideId "24111473"]
[WhiteElo "1963"]
[BlackElo "2285"]
[Result "0-1"]
[Round "09"]
[TimeControl "180+2"]
[Date "2023.03.28"]
[WhiteClock "0:00:01"]
[BlackClock "0:00:07"]

1. e4 d5 2. exd5 Qxd5 3. Nc3 Qa5 4. d4 Nf6 5. Bc4 Bg4 6. Nf3 Nc6 7. Be3 O-O-O 8. O-O e5 9. d5 e4 10. h3 Bh5 11. g4 exf3 12. gxh5 Ne5 13. Bb3 Bc5 14. Bf4 Rhe8 15. Bxe5 Rxe5 16. Qxf3 Rxh5 17. Ne4 Re5 18. Rae1 Rde8 19. Nxf6 gxf6 20. Rxe5 fxe5 21. Qxf7 Rf8 22. Qe6+ Kb8 23. Qxe5 Bd6 24. Qe4 Qd2 25. Qe3 Qb4 26. Re1 a6 27. c3 Qh4 28. Re2 Rg8+ 29. Kh1 Rf8 30. f3 Qg3 0-1


[Site "https://www.chess.com"]

[Event "Titled Tuesday Blitz March 28 Early 2023"]
[White "Nguyen Hong Nhung"]
[Black "Ruge, Edison"]
[WhiteFideId "12412201"]
[BlackFideId "4401000"]
[WhiteElo "1904"]
[BlackElo "2175"]
[Result "1-0"]
[Round "09"]
[TimeControl "180+2"]
[Date "2023.03.28"]
[WhiteClock "0:00:22"]
[BlackClock "0:00:05"]

1. e4 e5 2. Nf3 Nc6 3. d4 exd4 4. Nxd4 Nf6 5. Nc3 Bb4 6. Nxc6 Bxc3+ 7. bxc3 bxc6 8. Bd3 d6 9. O-O Nd7 10. Qg4 O-O 11. Qg3 Qf6 12. Bf4 Ne5 13. Be2 Ng6 14. Be3 Qxc3 15. f4 Qxc2 16. Bf3 Qc3 17. Rfe1 f5 18. Rac1 Qa3 19. Rxc6 Bb7 20. Rxc7 Bxe4 21. Bxe4 fxe4 22. Rxg7+ Kh8 23. Bd4 Qb4 24. Bc3 Qc5+ 25. Kh1 Ne5 26. fxe5 d5 27. e6 d4 28. Rc7 Rg8 29. Rxc5 Rxg3 30. Bxd4+ Rg7 31. Rc7 Rg8 32. Rxg7 Rxg7 33. Rc1 1-0


[Site "https://www.chess.com"]

[Event "Titled Tuesday Blitz March 28 Early 2023"]
[White "Vivas Zamora, Fabian Ernesto"]
[Black "Bogaudinov, Rushan"]
[WhiteFideId "3902480"]
[BlackFideId "4129288"]
[WhiteElo "2262"]
[BlackElo "1949"]
[Result "1-0"]
[Round "09"]
[TimeControl "180+2"]
[Date "2023.03.28"]
[WhiteClock "0:00:11"]
[BlackClock "0:00:32"]

1. e4 c5 2. Nc3 Nc6 3. Bb5 e6 4. Bxc6 bxc6 5. d3 d6 6. f4 Nf6 7. Nf3 Be7 8. O-O O-O 9. Qe1 a5 10. a4 Ba6 11. b3 d5 12. e5 Nd7 13. f5 exf5 14. e6 d4 15. exd7 dxc3 16. Ne5 Bf6 17. Bf4 Bxe5 18. Bxe5 Qxd7 19. Bxc3 Qe6 20. Qg3 Qg6 21. Qe5 c4 22. dxc4 c5 23. Rxf5 Rfe8 24. Qxc5 h6 25. Rf3 Qxc2 26. Rg3 g6 27. Qd4 Kf8 28. Qd6+ Kg8 29. Qf6 Kf8 30. Rf1 Ra7 31. Qg7+ Ke7 32. Qxf7+ Kd8 33. Qxa7 1-0


[Site "https://www.chess.com"]

[Event "Titled Tuesday Blitz March 28 Early 2023"]
[White "Saya, Ethan"]
[Black "monkins"]
[WhiteFideId "26095181"]
[WhiteElo "2150"]
[BlackElo "2275"]
[Result "1/2-1/2"]
[Round "09"]
[TimeControl "180+2"]
[Date "2023.03.28"]
[WhiteClock "0:00:07"]
[BlackClock "0:00:06"]

1. e4 c5 2. Nf3 g6 3. d4 cxd4 4. Qxd4 Nf6 5. e5 Nc6 6. Qf4 Nd5 7. Qe4 Nb6 8. Qe2 Bg7 9. Nc3 O-O 10. Bf4 d5 11. O-O-O Bg4 12. h4 h5 13. Ne4 Nxe5 14. Neg5 Nec4 15. c3 e5 16. Bg3 Re8 17. Qc2 e4 18. Nxf7 Kxf7 19. Ng5+ Kg8 20. f3 exf3 21. Qxg6 fxg2 22. Bxg2 Ne3 23. Nf7 Qf6 24. Nh6+ Kh8 25. Nf7+ Kg8 26. Nh6+ Kh8 27. Nf7+ Kg8 1/2-1/2


[Site "https://www.chess.com"]

[Event "Titled Tuesday Blitz March 28 Early 2023"]
[White "Fernandez Sanchez, Mario Andres"]
[Black "Mazurkiewicz, Michal"]
[WhiteFideId "6501621"]
[BlackFideId "1124943"]
[WhiteElo "2050"]
[BlackElo "2054"]
[Result "1/2-1/2"]
[Round "09"]
[TimeControl "180+2"]
[Date "2023.03.28"]
[WhiteClock "0:01:49"]
[BlackClock "0:00:22"]

1. d4 Nf6 2. Bf4 g6 3. Nc3 d5 4. e3 Bg7 5. h4 h6 6. Nf3 O-O 7. Bd3 Bg4 8. Qd2 Bxf3 9. gxf3 c5 10. dxc5 Nc6 11. O-O-O e5 12. Bg3 Qa5 13. Kb1 Qxc5 14. h5 Nxh5 15. Rxh5 gxh5 16. Rh1 f5 17. Rxh5 e4 18. fxe4 Bxc3 19. bxc3 dxe4 20. Bxe4 Qb5+ 21. Ka1 Qf1+ 22. Kb2 Qb5+ 23. Ka1 Qf1+ 24. Kb2 Qb5+ 25. Ka1 1/2-1/2


[Site "https://www.chess.com"]

[Event "Titled Tuesday Blitz March 28 Early 2023"]
[White "Vaglio Munoz, Jaime"]
[Black "babbilator"]
[WhiteFideId "6500145"]
[WhiteElo "2199"]
[BlackElo "2249"]
[Result "1-0"]
[Round "09"]
[TimeControl "180+2"]
[Date "2023.03.28"]
[WhiteClock "0:00:56"]
[BlackClock "0:00:01"]

1. Nf3 Nf6 2. c4 c5 3. b3 e6 4. Bb2 b6 5. g3 Bb7 6. Bg2 Be7 7. O-O O-O 8. d4 d5 9. dxc5 Bxc5 10. Ne5 Nbd7 11. Nd2 Qe7 12. Rc1 Rac8 13. Nxd7 Nxd7 14. e4 d4 15. f4 e5 16. f5 Nf6 17. Kh1 Rfd8 18. g4 h6 19. h4 Nh7 20. Qe1 d3 21. Qg3 Bb4 22. Rcd1 f6 23. Rf3 Rd7 24. Kh2 Rcd8 25. Bf1 Ba3 26. Ba1 Bb4 27. Re3 Rd6 28. Bg2 Qd7 29. Nf3 a6 30. g5 hxg5 31. hxg5 fxg5 32. Nxg5 Rh6+ 33. Kg1 Qe7 34. Ne6 Rd6 35. Bxe5 Rdxe6 36. fxe6 1-0


[Site "https://www.chess.com"]

[Event "Titled Tuesday Blitz March 28 Early 2023"]
[White "Adithya A Chullikkad"]
[Black "Kopczynski, Michal"]
[WhiteFideId "45078734"]
[BlackFideId "1124200"]
[WhiteElo "1984"]
[BlackElo "2212"]
[Result "0-1"]
[Round "09"]
[TimeControl "180+2"]
[Date "2023.03.28"]
[WhiteClock "0:02:30"]
[BlackClock "0:02:46"]

1. d4 Nf6 2. Bf4 g6 3. e3 Bg7 4. c3 O-O 5. Bd3 d6 6. h3 Nc6 7. Nf3 Nd7 8. Bh2 e5 9. dxe5 Ndxe5 10. Nxe5 Nxe5 11. Bc2 Be6 12. Nd2 Qd7 13. O-O Bxh3 14. gxh3 Qxh3 15. Be4 Ng4 16. Bg3 Nxe3 17. Re1 Nxd1 0-1


[Site "https://www.chess.com"]

[Event "Titled Tuesday Blitz March 28 Early 2023"]
[White "Pasti, Aron"]
[Black "mjelcic"]
[WhiteFideId "785857"]
[WhiteElo "2173"]
[BlackElo "2239"]
[Result "0-1"]
[Round "09"]
[TimeControl "180+2"]
[Date "2023.03.28"]
[WhiteClock "0:00:11"]
[BlackClock "0:00:19"]

1. e4 c5 2. d4 cxd4 3. c3 g6 4. cxd4 Bg7 5. Nc3 d6 6. Nf3 Nc6 7. Bg5 Nf6 8. Bc4 O-O 9. O-O Bg4 10. d5 Ne5 11. Be2 Bxf3 12. Bxf3 Qb6 13. Rb1 Nxf3+ 14. Qxf3 Rfc8 15. Rfe1 Rc7 16. Be3 Qa5 17. Bd4 Rac8 18. Qe3 Nd7 19. Bxg7 Kxg7 20. Qd4+ Nf6 21. Rbc1 Rc4 22. Qd3 Qb4 23. Rc2 Nxe4 24. Rec1 Nxc3 25. bxc3 Qc5 26. h3 Rc7 27. Qf3 b5 28. a3 a5 29. Qe2 Qxd5 30. Rd2 Qe5 31. Qxe5+ dxe5 32. Rd5 R4c5 33. Rcd1 e6 34. Rxc5 Rxc5 35. Rd3 Kf6 36. Kf1 e4 37. Re3 Rc4 38. Ke2 a4 39. Kd2 Ke7 40. Rg3 f5 41. Re3 f4 42. Re1 Kd6 43. Rb1 Rc5 44. Rb4 Ke5 45. f3 exf3 46. gxf3 Kf5 47. Kd3 e5 48. c4 bxc4+ 49. Kc3 e4 50. fxe4+ Kxe4 51. Rxa4 f3 52. Ra8 f2 53. Re8+ Kf3 54. Rf8+ Kg2 55. Kb4 Rc7 56. a4 c3 57. a5 c2 0-1


[Site "https://www.chess.com"]

[Event "Titled Tuesday Blitz March 28 Early 2023"]
[White "Quirke, Jeffrey"]
[Black "Senft, Sean"]
[WhiteFideId "2013029"]
[BlackFideId "2044960"]
[WhiteElo "2237"]
[BlackElo "1989"]
[Result "0-1"]
[Round "09"]
[TimeControl "180+2"]
[Date "2023.03.28"]
[WhiteClock "0:00:09"]
[BlackClock "0:00:21"]

1. e4 e5 2. Nf3 Nc6 3. Bb5 Nf6 4. d3 Bc5 5. O-O O-O 6. c3 d6 7. h3 a6 8. Ba4 Re8 9. Bg5 Ba7 10. Nbd2 Be6 11. Re1 b5 12. Bc2 Ne7 13. Bxf6 gxf6 14. Nf1 f5 15. exf5 Bxf5 16. d4 Bxc2 17. Qxc2 Ng6 18. Ng3 exd4 19. Qf5 dxc3 20. bxc3 h6 21. Nh5 Rxe1+ 22. Rxe1 Qf8 23. Nf6+ Kg7 24. h4 Qd8 25. Nh5+ Kf8 26. Re6 Nxh4 27. Nxh4 Qxh4 28. Rf6 Qxf2+ 29. Qxf2 Bxf2+ 30. Kxf2 Re8 31. Rxh6 Re4 32. Nf6 Ra4 33. g4 Rxa2+ 34. Ke3 a5 35. g5 d5 36. Kd4 Ke7 37. Rh8 Rd2+ 38. Kc5 Ke6 39. Re8+ Kf5 40. Nxd5 Kxg5 41. Nxc7 Rc2 42. Nd5 b4 43. Ra8 bxc3 44. Rxa5 f5 45. Ra3 f4 46. Rxc3 Ra2 47. Nxf4 Kxf4 48. Rc4+ Ke5 49. Kb5 Rh2 50. Rc3 Kd4 51. Rc1 Rh8 52. Kb4 Rb8+ 53. Ka3 Kd3 54. Ka4 Kd2 55. Rc6 Kd3 56. Rc7 Rb1 57. Ka5 Kd4 58. Ka4 Kd5 59. Ka3 Kd6 60. Rc2 Rb8 61. Ka4 Ra8+ 62. Kb4 Rb8+ 63. Ka4 Kd5 64. Ka3 Rb5 65. Ka4 Rb8 66. Ka5 Rh8 67. Ka4 Kd4 68. Ka5 Kd3 69. Rc7 Rh1 70. Ka4 Ra1+ 71. Kb4 Ra2 72. Kb3 Ra8 73. Rd7+ Ke4 74. Kb4 Rb8+ 75. Kc4 Rc8+ 76. Kb4 Rh8 77. Kc4 Rh1 78. Kb4 Kf5 79. Kc4 Ke6 80. Rd2 Rc1+ 81. Kb4 Ke5 82. Kb5 Rc8 83. Kb4 Rb8+ 84. Kc4 Ra8 85. Kb4 Ra7 86. Kc4 Ke6 87. Kb4 Rb7+ 88. Kc4 Rd7 89. Kb4 Rxd2 0-1


[Site "https://www.chess.com"]

[Event "Titled Tuesday Blitz March 28 Early 2023"]
[White "Shvedova, Alexandra"]
[Black "salgadoLO"]
[WhiteFideId "54154782"]
[WhiteElo "2057"]
[BlackElo "2222"]
[Result "1-0"]
[Round "09"]
[TimeControl "180+2"]
[Date "2023.03.28"]
[WhiteClock "0:02:00"]
[BlackClock "0:00:04"]

1. e4 c5 2. Ne2 e6 3. d4 cxd4 4. Nxd4 Nc6 5. Nc3 Qc7 6. Be3 a6 7. Qf3 Ne5 8. Qg3 h5 9. h4 Nf6 10. O-O-O b5 11. a3 Bb7 12. Bxb5 axb5 13. Ndxb5 Qb8 14. Bb6 Ng6 15. Nc7+ Kd8 16. Nxa8+ Kc8 17. Nc7 d6 18. N3b5 Bc6 19. Na7+ Kb7 20. Qb3 Qxc7 21. Bxc7+ Kxc7 22. Nxc6 Kxc6 23. Qc4+ Kd7 24. Qb5+ Kc7 25. Rh3 Be7 26. Rc3+ Kd8 27. Qb8+ Kd7 28. Rc7# 1-0


[Site "https://www.chess.com"]

[Event "Titled Tuesday Blitz March 28 Early 2023"]
[White "Melikhov, Evgeny V."]
[Black "Fabris, Alberto"]
[WhiteFideId "4122046"]
[BlackFideId "801348"]
[WhiteElo "2158"]
[BlackElo "2211"]
[Result "1-0"]
[Round "09"]
[TimeControl "180+2"]
[Date "2023.03.28"]
[WhiteClock "0:00:25"]
[BlackClock "0:00:03"]

1. d4 Nf6 2. c4 e6 3. Nc3 Bb4 4. Qc2 O-O 5. e4 d5 6. e5 Ne4 7. Bd3 c5 8. Nf3 cxd4 9. Nxd4 Bxc3+ 10. bxc3 Nc6 11. Bxe4 dxe4 12. Qxe4 Qa5 13. O-O Qxe5 14. Re1 Qxe4 15. Rxe4 Bd7 16. Ba3 Rfd8 17. Bd6 Na5 18. c5 Rdc8 19. Rb1 Bc6 20. Nxc6 Rxc6 21. Ra4 b6 22. cxb6 axb6 23. Bb4 Rc4 24. Ra3 h6 25. Bxa5 Rxa5 26. Rxa5 bxa5 27. Rc1 Kf8 28. Kf1 Ke7 29. Ke2 Kd6 30. Kd3 Ra4 31. Rc2 Kc5 32. Rb2 e5 33. f3 f5 34. Re2 Kd5 35. c4+ Kd6 36. Rb2 Ra3+ 37. Rb3 Rxa2 38. Rb6+ Ke7 39. c5 Rxg2 40. Kc4 e4 41. fxe4 fxe4 42. Kd5 e3 43. Re6+ Kf7 44. Rxe3 Rxh2 45. c6 Rc2 46. Kd6 g5 47. c7 Kg6 48. Kd7 g4 49. Re6+ Kf5 50. Rc6 Rd2+ 51. Ke7 Re2+ 52. Kf7 1-0


[Site "https://www.chess.com"]

[Event "Titled Tuesday Blitz March 28 Early 2023"]
[White "Winkels, Marcel"]
[Black "Balague Camps, Marc"]
[WhiteFideId "1003887"]
[BlackFideId "2297914"]
[WhiteElo "1900"]
[BlackElo "2089"]
[Result "0-1"]
[Round "09"]
[TimeControl "180+2"]
[Date "2023.03.28"]
[WhiteClock "0:01:11"]
[BlackClock "0:02:31"]

1. d4 Nf6 2. Bf4 d5 3. e3 c5 4. Nf3 e6 5. c3 Bd6 6. Bg3 O-O 7. Nbd2 b6 8. Bd3 Ba6 9. Qc2 Bxd3 10. Qxd3 Nc6 11. O-O Rc8 12. Ne5 Ne7 13. f4 Nf5 14. Bf2 Be7 15. g4 Nd6 16. g5 Nfe4 17. Nxe4 Nxe4 18. Be1 Kh8 19. Rf3 f6 20. gxf6 gxf6 21. Ng4 Rg8 22. h3 f5 23. Kf1 fxg4 24. hxg4 Rxg4 25. Ke2 c4 26. Qd1 Qg8 27. Bf2 Rg2 28. Qh1 Qg4 29. Rf1 Ng3+ 0-1


[Site "https://www.chess.com"]

[Event "Titled Tuesday Blitz March 28 Early 2023"]
[White "Sankalan Shah"]
[Black "Reprintsev, Alexander"]
[WhiteFideId "25600362"]
[BlackFideId "14100541"]
[WhiteElo "2118"]
[BlackElo "2229"]
[Result "0-1"]
[Round "09"]
[TimeControl "180+2"]
[Date "2023.03.28"]
[WhiteClock "0:00:13"]
[BlackClock "0:00:28"]

1. d4 d5 2. c4 e5 3. dxe5 d4 4. Nf3 Nc6 5. Nbd2 Nge7 6. Nb3 Nf5 7. g3 Bb4+ 8. Bd2 Be7 9. Bg2 a5 10. g4 Nh4 11. Nxh4 Bxh4 12. Bf4 O-O 13. Bxc6 bxc6 14. Qxd4 Bxg4 15. Rd1 Qc8 16. h3 Be6 17. Be3 Be7 18. Rg1 Rd8 19. Qe4 Bb4+ 20. Nd2 Qd7 21. a3 Bf8 22. Bg5 Rdb8 23. b3 c5 24. h4 a4 25. bxa4 Rxa4 26. Bf6 g6 27. h5 Rxa3 28. hxg6 fxg6 29. Nf3 Qe8 30. Ng5 Bf7 31. e6 Bxe6 32. Qxe6+ Qxe6 33. Nxe6 Bd6 34. f3 Kf7 35. Nd8+ Kxf6 36. Nc6 Rb6 37. Nd8 Ra8 0-1


[Site "https://www.chess.com"]

[Event "Titled Tuesday Blitz March 28 Early 2023"]
[White "Harriott, Tyrell"]
[Black "Qashashvili, Alexandre"]
[WhiteFideId "2086484"]
[BlackFideId "13600842"]
[WhiteElo "2107"]
[BlackElo "2405"]
[Result "1-0"]
[Round "09"]
[TimeControl "180+2"]
[Date "2023.03.28"]
[WhiteClock "0:00:48"]
[BlackClock "0:00:19"]

1. d4 c6 2. e3 d5 3. Bd3 Nf6 4. f4 Bg4 5. Ne2 e6 6. Nd2 Bd6 7. O-O Nbd7 8. Nf3 Bf5 9. Ng3 Bxd3 10. cxd3 Qc7 11. b3 O-O-O 12. Ne5 Nb6 13. a4 a6 14. a5 Na8 15. Qc2 Kb8 16. Bd2 Qe7 17. Rfc1 Nc7 18. Ne2 Nb5 19. Nc3 Nxc3 20. Bxc3 Nd7 21. Bd2 f6 22. Nxc6+ bxc6 23. Qxc6 Bb4 24. Qc7+ Ka8 25. Qc6+ Kb8 26. Ra2 Bxd2 27. Qc7+ Ka8 28. Rc6 Bxe3+ 29. Kf1 Nb8 30. Rxa6+ Nxa6 31. Qxe7 Bxd4 32. Qxe6 Nb8 33. a6 Rhe8 34. Qf7 Nd7 35. Qxd5+ Kb8 36. Qb7# 1-0


[Site "https://www.chess.com"]

[Event "Titled Tuesday Blitz March 28 Early 2023"]
[White "Thiel, Thomas"]
[Black "Van Osch, Mees"]
[WhiteFideId "4615964"]
[BlackFideId "1035967"]
[WhiteElo "2220"]
[BlackElo "2324"]
[Result "0-1"]
[Round "09"]
[TimeControl "180+2"]
[Date "2023.03.28"]
[WhiteClock "0:00:03"]
[BlackClock "0:00:12"]

1. e4 c5 2. Nc3 e6 3. Nge2 a6 4. g3 b5 5. Bg2 Bb7 6. d4 b4 7. Na4 Nf6 8. d5 exd5 9. exd5 d6 10. O-O Be7 11. a3 a5 12. b3 O-O 13. Bb2 Nbd7 14. axb4 axb4 15. Nf4 Re8 16. Re1 Bf8 17. Qd2 Ng4 18. Rxe8 Qxe8 19. Re1 Qd8 20. Nd3 Ba6 21. h3 Ngf6 22. Kh2 Bb5 23. Ra1 Bxa4 24. bxa4 Nb6 25. a5 Nc4 26. Qc1 Nxb2 27. Qxb2 Rxa5 28. Nf4 Rxa1 29. Qxa1 g6 30. Qa6 Bg7 31. Nd3 h6 32. Qb7 Qe8 33. Bf3 Bf8 34. Kg2 Qe7 35. Qc8 Nd7 36. Bg4 Nf6 37. Bf3 h5 38. h4 Kg7 0-1


[Site "https://www.chess.com"]

[Event "Titled Tuesday Blitz March 28 Early 2023"]
[White "Carrasco Miranda, Andres"]
[Black "Tagliata"]
[WhiteFideId "3405990"]
[WhiteElo "2183"]
[BlackElo "2216"]
[Result "0-1"]
[Round "09"]
[TimeControl "180+2"]
[Date "2023.03.28"]
[WhiteClock "0:00:02"]
[BlackClock "0:00:34"]

1. d4 d5 2. c4 c6 3. Nf3 Nf6 4. e3 e6 5. b3 Nbd7 6. Bd3 Ne4 7. O-O f5 8. Ba3 Bxa3 9. Nxa3 O-O 10. Qc2 Ndf6 11. Nb1 Qe8 12. Nc3 Qh5 13. Ne2 g5 14. Ng3 Nxg3 15. hxg3 Ng4 16. b4 Rf6 17. Rfb1 Rh6 18. Kf1 Qh1+ 19. Ng1 Rh2 20. Ke2 Qxg2 21. Rf1 Nxf2 22. Ke1 Qxg3 23. Rxf2 Qxg1+ 24. Bf1 Qxf2+ 25. Qxf2 Rxf2 26. Kxf2 Kg7 27. b5 Bd7 28. bxc6 Bxc6 29. c5 Kf6 30. Bd3 h5 31. a4 h4 32. a5 a6 33. Rb1 g4 34. Rb6 Kg5 35. Bf1 g3+ 36. Kg2 Kg4 37. Be2+ Kg5 38. Kh3 f4 39. exf4+ Kxf4 40. Rb3 e5 41. dxe5 Bd7+ 42. Kxh4 Rh8+ 43. Bh5 Be8 44. Rf3+ Ke4 45. Rxg3 Rxh5+ 46. Kg4 Rh8 47. Rb3 Bc6 48. e6 Re8 49. Rb1 Kd4 50. Kf5 Kxc5 51. Kf6 Kd6 0-1


[Site "https://www.chess.com"]

[Event "Titled Tuesday Blitz March 28 Early 2023"]
[White "Toktomushev, Teimur"]
[Black "Torres Dominguez, David"]
[WhiteFideId "14176726"]
[BlackFideId "2220857"]
[WhiteElo "2116"]
[BlackElo "1999"]
[Result "1/2-1/2"]
[Round "09"]
[TimeControl "180+2"]
[Date "2023.03.28"]
[WhiteClock "0:00:04"]
[BlackClock "0:00:17"]

1. d4 e5 2. dxe5 d6 3. Nf3 Bg4 4. e4 Nc6 5. exd6 Bxd6 6. Be2 Qe7 7. O-O O-O-O 8. Nbd2 Nf6 9. Nd4 Bxe2 10. Nxc6 Bxd1 11. Nxe7+ Bxe7 12. Rxd1 Nxe4 13. Re1 Nxd2 14. Bxd2 Bf6 15. Bc3 Bxc3 16. bxc3 Rhe8 17. Kf1 c6 18. Rxe8 Rxe8 19. Rd1 Kc7 20. f3 a5 21. Kf2 b6 22. Rd4 Rd8 23. Rf4 f6 24. Rh4 h6 25. Rg4 g5 26. Rd4 b5 27. Ke3 Re8+ 28. Re4 Rd8 29. Re6 Rd6 30. Re7+ Rd7 31. Re6 Rd6 32. Re7+ Rd7 33. Re6 Rd6 1/2-1/2


[Site "https://www.chess.com"]

[Event "Titled Tuesday Blitz March 28 Early 2023"]
[White "Kiseleva, Arina"]
[Black "BenchGM"]
[WhiteFideId "4164989"]
[WhiteElo "1756"]
[BlackElo "2359"]
[Result "0-1"]
[Round "09"]
[TimeControl "180+2"]
[Date "2023.03.28"]
[WhiteClock "0:00:03"]
[BlackClock "0:01:08"]

1. d4 Nf6 2. Nf3 b6 3. e3 Bb7 4. Bd3 g6 5. Nbd2 Bg7 6. O-O O-O 7. e4 d6 8. c3 Nbd7 9. a4 a5 10. Re1 e5 11. dxe5 dxe5 12. Bc2 Re8 13. Nc4 Nh5 14. Bg5 f6 15. Be3 Qe7 16. Qe2 Rad8 17. Rad1 g5 18. g3 Bf8 19. Nxg5 Nxg3 20. hxg3 fxg5 21. Qg4 h6 22. Bb3 Kg7 23. Qf5 Bc8 24. f4 Nc5 25. Qxe5+ Qxe5 26. Nxe5 Nxb3 27. Rxd8 Rxd8 28. fxg5 hxg5 29. Bxg5 Re8 30. Nc4 Bc5+ 31. Kg2 Bb7 32. Kf3 Rf8+ 33. Kg4 Bc8+ 0-1


[Site "https://www.chess.com"]

[Event "Titled Tuesday Blitz March 28 Early 2023"]
[White "Larina, Maria"]
[Black "Ovezdurdyyeva, Jemal"]
[WhiteFideId "24113182"]
[BlackFideId "14001888"]
[WhiteElo "1848"]
[BlackElo "2043"]
[Result "0-1"]
[Round "09"]
[TimeControl "180+2"]
[Date "2023.03.28"]
[WhiteClock "0:00:04"]
[BlackClock "0:00:16"]

1. e4 d6 2. d4 Nf6 3. Nc3 g6 4. f3 c6 5. Be3 b5 6. Qd2 h5 7. h4 Bg7 8. O-O-O b4 9. Nce2 Qa5 10. Kb1 Be6 11. b3 Na6 12. Nh3 Nc7 13. Ng5 Bd7 14. c4 bxc3 15. Qxc3 Qb6 16. f4 a5 17. a3 Rb8 18. Ka2 Nb5 19. Qc4 d5 20. Qc5 Qb7 21. e5 Ng4 22. Bg1 O-O 23. Rd3 f6 24. Nf3 Bf5 25. Nc1 Bxd3 26. Bxd3 f5 27. Ng5 Qd7 28. g3 e6 29. Qc2 Qe7 30. Qc5 Qd7 31. Ne2 Rfc8 32. Nc3 Bf8 33. Nxb5 Bxc5 34. dxc5 cxb5 35. Bd4 Rc7 36. Be2 Rbc8 37. Rc1 Kg7 38. b4 axb4 39. axb4 Ra7+ 40. Kb3 Rca8 41. Bb2 Qc6 0-1


[Site "https://www.chess.com"]

[Event "Titled Tuesday Blitz March 28 Early 2023"]
[White "Kuchava, Ana"]
[Black "Zampronha, Wladimir Camilo"]
[WhiteFideId "13605348"]
[BlackFideId "2103087"]
[WhiteElo "2001"]
[BlackElo "2176"]
[Result "0-1"]
[Round "09"]
[TimeControl "180+2"]
[Date "2023.03.28"]
[WhiteClock "0:02:23"]
[BlackClock "0:02:42"]

1. d4 Nf6 2. Nf3 e6 3. c4 b6 4. a3 Bb7 5. Nc3 Be7 6. d5 O-O 7. e4 exd5 8. cxd5 c6 9. d6 Re8 10. dxe7 Qxe7 11. Bd3 d5 12. e5 Ng4 13. O-O Nxe5 14. Nxe5 Qxe5 15. Re1 Qxe1+ 16. Qxe1 Rxe1+ 17. Bf1 Ba6 0-1


[Site "https://www.chess.com"]

[Event "Titled Tuesday Blitz March 28 Early 2023"]
[White "Alahakoon, Isuru"]
[Black "Ramirez, Maria Eugenia"]
[WhiteFideId "9900993"]
[BlackFideId "3301680"]
[WhiteElo "1995"]
[BlackElo "1842"]
[Result "1-0"]
[Round "09"]
[TimeControl "180+2"]
[Date "2023.03.28"]
[WhiteClock "0:00:09"]
[BlackClock "0:00:03"]

1. Nf3 Nf6 2. d4 e6 3. Bf4 d5 4. e3 Bd6 5. Bg3 Bxg3 6. hxg3 c5 7. c3 cxd4 8. exd4 Nc6 9. Bd3 Bd7 10. Nbd2 Qb6 11. Rb1 h6 12. Qe2 Rc8 13. Ne5 Nxe5 14. dxe5 Ng8 15. Qg4 Kf8 16. O-O Ne7 17. Nf3 Bb5 18. Bxb5 Qxb5 19. Nd4 Qc4 20. Qf4 Ke8 21. b3 Qc7 22. Nb5 Qc6 23. Nd6+ Kd7 24. Nxc8 Rxc8 25. c4 Rf8 26. Rbc1 Qa6 27. Qd2 Qb6 28. Qb2 f6 29. exf6 Rxf6 30. Qe5 Nc6 31. Qe2 Nd4 32. Qg4 g5 33. c5 Qb4 34. a3 Qd2 35. Rcd1 Ne2+ 36. Kh2 Qb2 37. Rfe1 Nc3 38. Rd3 Rxf2 39. Qh3 Ne4 40. Rg1 g4 41. Qxh6 Kc6 42. Qxe6+ Kb5 43. Qxd5 Nxg3 44. Rxg3 Rd2 45. Qc4+ Ka5 46. b4+ Ka4 47. b5+ Ka5 48. Rb3 Qh8+ 49. Kg3 Qb8+ 50. Kh4 Qh8+ 51. Kg5 Qg7+ 52. Kf4 Rd4+ 53. Qxd4 Qxd4+ 54. Kg3 Qe5+ 55. Kxg4 Qe6+ 56. Kh4 Qxb3 57. g4 Qg8 58. Rg3 Kxb5 59. g5 Kxc5 60. g6 Qh8+ 61. Kg5 Qe5+ 62. Kh4 Qf4+ 63. Rg4 Qh6+ 64. Kg3 Qg7 65. Kf4 b5 66. Kg5 a5 67. Rf4 Qe5+ 68. Rf5 Qxf5+ 69. Kxf5 b4 70. g7 bxa3 71. g8=Q Kb4 72. Qa2 a4 73. Ke4 Kc3 74. Ke3 Kb4 75. Kd4 Ka5 76. Qxa3 1-0


[Site "https://www.chess.com"]

[Event "Titled Tuesday Blitz March 28 Early 2023"]
[White "sebastianmarinp"]
[Black "Acikel, Mert"]
[BlackFideId "12956465"]
[WhiteElo "2303"]
[BlackElo "2097"]
[Result "1-0"]
[Round "09"]
[TimeControl "180+2"]
[Date "2023.03.28"]
[WhiteClock "0:02:42"]
[BlackClock "0:02:50"]

1. e4 e5 2. Nf3 Nc6 3. Bb5 a6 4. Ba4 Nf6 5. O-O Be7 6. Re1 b5 7. Bb3 d6 8. c3 O-O 9. h3 Nb8 10. c4 c6 11. d4 Nbd7 12. c5 exd4 13. cxd6 1-0


[Site "https://www.chess.com"]

[Event "Titled Tuesday Blitz March 28 Early 2023"]
[White "Fajdetic, Hrvoje"]
[Black "lolliNOPE"]
[WhiteFideId "14501945"]
[WhiteElo "2185"]
[BlackElo "2073"]
[Result "0-1"]
[Round "09"]
[TimeControl "180+2"]
[Date "2023.03.28"]
[WhiteClock "0:00:56"]
[BlackClock "0:01:04"]

1. f4 d5 2. e3 Nf6 3. Nf3 c5 4. b3 Nc6 5. Bb2 Bf5 6. Bb5 e6 7. Bxc6+ bxc6 8. O-O Be7 9. d3 O-O 10. Ne5 Qc7 11. Nc3 d4 12. Na4 Nd5 13. e4 Ne3 14. Qe2 Nxf1 15. Kxf1 Bg6 16. Qf3 f6 17. Nxg6 hxg6 18. Ba3 g5 19. g3 Qa5 20. Ke2 gxf4 21. gxf4 Bd6 22. Rg1 Rf7 23. Qg4 Re8 24. h4 f5 25. Qg6 fxe4 26. h5 Bxf4 27. Bxc5 Qd2+ 28. Kf1 Be3+ 0-1


[Site "https://www.chess.com"]